 Dungeon Crawl Stone Soup version 0.31.0-9-g3a7656b989 (console) character file.

Game seed: 3146700688035548943

207 Garrluk the Sneak (level 6, 0/49 HPs)
             Began as a Formicid Brigand on Feb 1, 2024.
             Succumbed to a killer bee's poison
             ... on level 3 of the Dungeon.
             The game lasted 00:15:29 (1791 turns).

Garrluk the Sneak (Formicid Brigand)                Turns: 1791, Time: 00:15:30

Health: 0/49       AC:  9    Str: 17    XL:     6   Next: 11%
Magic:  6/6        EV:  7    Int: 11    God:
Gold:   122        SH:  0    Dex: 15    Spells: 5/5 levels left

rFire   . . .        e - +4 dagger (speed)
rCold   . . .        (no shield)
rNeg    . . .        i - +0 chain mail
rPois   .            (helmet unavailable)
rElec   .            c - +0 cloak
rCorr   .            (no gloves)
SInv    +            (no boots)
Will    +....        m - amulet of magic regeneration Stlth
                     (no ring)
HPRegen 0.28/turn    (no ring)
MPRegen 0.50/turn

%: no passive effects
@: lethally poisoned (0 -> -3), enlightened, flying, invisible
A: permanent stasis, dig shafts and tunnels, antennae 3, four strong arms
a: Dig, Shaft Self


You were on level 3 of the Dungeon.
You visited 1 branch of the dungeon, and saw 4 of its levels.

You collected 122 gold pieces.

Inventory:

Hand Weapons
 e - a +4 dagger of speed (weapon)
 p - a +1 rapier of venom
Missiles
 a - 6 atropa-tipped darts
 d - 12 poisoned darts (quivered)
 g - 42 stones
 o - 2 curare-tipped darts
Armour
 c - a +0 cloak (worn)
 i - a +0 chain mail (worn)
 y - an orb of light
Jewellery
 m - an amulet of magic regeneration (around neck)
Scrolls
 f - 2 scrolls of poison {unknown}
 n - 2 scrolls of identify
 q - a scroll of amnesia {unknown}
 u - a scroll of torment {unknown}
 v - a scroll of fog {unknown}
 z - a scroll of enchant armour {unknown}
Potions
 j - a potion of attraction
 s - a potion of magic {unknown}
 t - a potion of lignification {unknown}
 w - a potion of degeneration {unknown}
 x - 2 potions of brilliance {unknown}
 A - a potion of curing {unknown}


   Skills:
 - Level 4.7 Fighting
 * Level 3.7 Short Blades
 - Level 2.0 Throwing
 - Level 0.8 Dodging
 + Level 5.7 Stealth


You had 5 spell levels left.
You didn't know any spells.
Your spell library contained the following spells:

 Spells                   Type           Power      Damage    Failure   Level
 Fugue of the Fallen      Necr           0%         N/A       100%        3
 Ozocubu's Armour         Ice            0%         N/A       100%        3
 Tukima's Dance           Hex            0%         N/A       100%        3
 Dimensional Bullseye     Hex/Tloc       0%         N/A       100%        4
 Iskenderun's Mystic Bla  Conj/Tloc      0%         2d3       100%        4
 Manifold Assault         Tloc           0%         N/A       100%        4


Dungeon Overview and Level Annotations

Branches:
Dungeon (4/15)
 Temple: D:4-7

Altars:


Innate Abilities, Weirdness & Mutations

You cannot be hasted, slowed, berserked, paralysed or teleported.
You can dig through walls and to a lower floor.
You have a pair of large antennae on your head. (SInv)
Your four strong arms can wield two-handed weapons with a shield.


Message History

A killer bee comes into view.
The killer bee moves out of view.
The killer bee attacks as it pursues you!
The killer bee stings you. x2
You are poisoned.
The killer bee poisons you!
Found 14 gold pieces.
You feel sick.
There is a stone staircase leading up here.
You feel sick. The killer bee barely misses you. The killer bee stings you.
* * * LOW HITPOINT WARNING * * *
You climb upwards.
You feel sick.
There is a stone staircase leading down here.
You miss the killer bee.
You feel sick. The killer bee barely misses you. The killer bee stings you.
* * * LOW HITPOINT WARNING * * *
You feel sick.
The killer bee stings you but does no damage.
Really walk into that dispersal trap?
You enter a dispersal trap!
The killer bee blinks!
You feel a strange sense of stasis.
You feel sick.
There is a dispersal trap here.
You feel sick.
You are no longer poisoned.
The killer bee enters a dispersal trap!
You feel a strange sense of stasis.
The killer bee blinks!
It was a potion of invisibility.
You fade into invisibility!
The killer bee stings you.
* * * LOW HITPOINT WARNING * * *
You are lethally poisoned!
The killer bee poisons you!
* * * LOW HITPOINT WARNING * * *
You feel sick. The killer bee barely misses you.
You barely miss the killer bee. The killer bee completely misses you.
It was a potion of enlightenment.
You feel very buoyant.
You fly up into the air.
* * * LOW HITPOINT WARNING * * *
You feel sick. The killer bee barely misses you.
The killer bee stings you but does no damage.
It was a potion of berserk rage.
Your stasis prevents you from going berserk.
You die...

### #.. #.# ####.## #......
##### ###.##.## ##...##
#........
#.###.##########.#.##...
#.#....@y...............
#.#.#.#######.####.##...
##...## #ยง# #)###.. ##.##
#.# #.# #.. #.#
#####>####.###.. ###
#.#####.......##......
##.####.......##............
##........###..##..#...#..###
#.........................#
##...####...............#.#
##)## #..###.#.##....###.##


You could see a killer bee (unable to see you).

Vanquished Creatures
  Crazy Yiuf (D:3)
  Jessica (D:2)
  Natasha (thrice) (D:3)
  3 adders
  2 ribbon worms
  An orc (D:3)
  3 ball pythons
  2 bats
  2 endoplasms
  3 giant cockroaches
  2 goblins
  5 hobgoblins
  9 kobolds
  3 quokkas
  6 frilled lizards
  8 rats
54 creatures vanquished.

Notes
Turn   | Place    | Note
-------+----------+-------------------------------------------
     0 | D:1      | Garrluk the Formicid Brigand began the quest for the Orb.
     0 | D:1      | Reached XP level 1. HP: 16/16 MP: 1/1
   183 | D:1      | Reached XP level 2. HP: 21/23 MP: 2/2
   286 | D:1      | Found a faded altar of an unknown god.
   582 | D:2      | Noticed Jessica
   590 | D:2      | Killed Jessica
   591 | D:2      | Reached XP level 3. HP: 24/30 MP: 3/3
   686 | D:2      | Reached XP level 4. HP: 38/38 MP: 4/4
  1249 | D:3      | Reached skill level 5 in Stealth
  1302 | D:3      | Noticed Natasha
  1338 | D:3      | Killed Natasha
  1339 | D:3      | Reached XP level 5. HP: 43/43 MP: 5/5
  1493 | D:3      | Noticed Natasha
  1502 | D:3      | Killed Natasha
  1676 | D:3      | Found a runed translucent door.
  1677 | D:3      | Noticed Crazy Yiuf
  1691 | D:3      | Killed Crazy Yiuf
  1712 | D:3      | Noticed Natasha
  1720 | D:3      | Killed Natasha
  1721 | D:3      | Reached XP level 6. HP: 10/49 MP: 6/6
  1788 | D:3      | HP: 2/49 [poisoned by a killer bee]
  1791 | D:3      | Succumbed to a killer bee's poison

Illustrated notes

Levels and vault maps discovered:
D:1:      dpeg_arrival_castle, layout_rooms,
          shapermc_ecumenical_altar_notcrosses, dk_noncrumbling_3
D:2:      layout_basic, uniq_jessica
D:3:      layout_loops_ring, uniq_natasha, uniq_crazy_yiuf_cottage
D:4:      layout_rooms, demons_altar, uniq_eustachio

Skill      XL: |  1  2  3  4  5 |
---------------+----------------+-----
Fighting       | 4 |  4.7
Stealth        | 5 |  5.7
Short Blades   | 3 |  3.7
Throwing       | |  2.0
Dodging        | |  0.8

Action                     |  1- 3 |  4- 6 || total
---------------------------+-------+-------++-------
  Melee: Dagger            |    55 |   132 ||   187
         Punch             |     1 |     2 ||     3
  Throw: Dart              |    25 |     1 ||    26
Ability: Dig               |     2 |     1 ||     3
    Use: Scroll            |       |     3 ||     3
         Potion            |       |     3 ||     3
   Stab: Sleeping          |     1 |       ||     1
 Armour: Robe              |     5 |       ||     5
         Chain mail        |    20 |    53 ||    73
  Dodge: Dodged            |    15 |    36 ||    51
